 Dungeon Crawl Stone Soup version 0.28-a0-1312-g71652a0310 (webtiles) character file.

Game seed: 1915537739037533022

736 oldriver the Cudgeller (level 7, -1/44 HPs)
             Began as a Gargoyle Fighter on Dec 27, 2021.
             Slain by a water moccasin (5 damage)
             ... on level 8 of the Dungeon.
             The game lasted 00:12:49 (2913 turns).

oldriver the Cudgeller (Gargoyle Fighter)           Turns: 2913, Time: 00:12:49

Health: -1/44      AC: 15    Str: 19    XL:     7   Next: 74%
Magic:  7/7        EV: 10    Int:  9    God:
Gold:   138        SH:  4    Dex: 11    Spells: 6/6 levels left

rFire   . . .      SeeInvis .   a - +0 flail
rCold   . . .      Faith    .   c - +0 buckler
rNeg    + . .      Spirit   .   b - +1 scale mail
rPois   ∞          Reflect  .   g - +1 helmet
rElec   +          Harm     .   (no cloak)
rCorr   .          Rampage  .   (no gloves)
Will    .....                   (no boots)
Stlth   ..........              (no amulet)
HPRegen 0.14/turn               (no ring)
MPRegen 0.10/turn               (no ring)

@: no status effects
A: sickness immunity, AC +4, negative energy resistance 1, electricity
resistance, torment resistance 1, petrification resistance
a: no special abilities


You were on level 8 of the Dungeon.
You visited 1 branch of the dungeon, and saw 8 of its levels.

You collected 138 gold pieces.

Inventory:

Hand Weapons
 a - a +0 flail (weapon)
Armour
 b - a +1 scale mail (worn)
 c - a +0 buckler (worn)
 g - a +1 helmet (worn)
Wands
 f - a wand of iceblast (5)
Scrolls
 e - a scroll of identify
 i - a scroll of blinking
 k - a scroll of teleportation {unknown}


   Skills:
 * Level 5.0 Fighting
 * Level 6.7 Maces & Flails
 + Level 4.1 Armour
 + Level 1.2 Dodging
 + Level 0.5 Stealth
 + Level 4.1 Shields


You had 6 spell levels left.
You didn't know any spells.
Your spell library contained the following spells:

 Spells                   Type           Power      Damage    Failure   Level
 Static Discharge         Conj/Air       0%         N/A       87%         2
 Lightning Bolt           Conj/Air       0%         1d11      100%        5
 Maxwell's Capacitive Co  Air            0%         ∞         100%        8


Dungeon Overview and Level Annotations

Branches:
Dungeon (9/15)               Lair (0/6) D:9
 Temple: D:4-7          Orc: D:9-12

Altars:

Annotations:
D:9 Grum


Innate Abilities, Weirdness & Mutations

You are immune to sickness and miasma.
Your stone body is resilient. (AC +4)
You are immune to poison.
You resist negative energy. (rN+)
You are resistant to electric shocks. (rElec)
You are resistant to unholy torment.
You are immune to petrification.


Message History

The wolf bites you but does no damage. The wolf bites you.
* * * LOW HITPOINT WARNING * * *
It was a potion of cancellation.
Your magical effects are unravelling.
You feel magically purged.
You feel your willpower return. The wolf bites you but does no damage.
The wolf closely misses you. x2
The water moccasin bites you but does no damage.
As you read the scroll labelled EMEURPH KYTUST, it crumbles to dust.
It is a scroll of identify.
j - a scroll of fear The wolf barely misses you.
The wolf closely misses you. The water moccasin barely misses you.
The wolf closely misses you. The wolf bites you but does no damage.
As you read the scroll of fear, it crumbles to dust.
You assume a fearsome visage.
The water moccasin looks frightened!
The wolf looks frightened! x2
There is a stone staircase leading down here.
You now have 138 gold pieces (gained 12).
The wolf barely misses you. x2
You aren't carrying any potions.
Blink to where?
Press: ? - help, Dir - move target A water moccasin comes into view.
Found a stone staircase leading down.
As you read the scroll of blinking, it crumbles to dust.
The water moccasin hisses angrily.
Blink to where?
Press: ? - help, Dir - move target
Found a fuming grey potion.
As you read the scroll of blinking, it crumbles to dust.
Found a stone staircase leading down.
There is a stone staircase leading down here.
You barely miss the water moccasin. You block the water moccasin's attack.
You miss the water moccasin. The water moccasin closely misses you.
The wolf bites you but does no damage. The water moccasin barely misses you.
The wolf barely misses you.
Found a hunting sling.
Found a stone staircase leading up.
The water moccasin bites you.
You die...

#..# ...# .....#.
....+ ....).. #...##
....... ###.# ..<..
###..####+####.... #
#.........##....#
.##.# ##........#....#
...
#...........@####.#
##.......##..Sh...#
#......####.#...##
##........###>..###...
#.........##.........
.>......S.##..##....
...........#..# #..
.............#.# .
......###..#...#


You could see a water moccasin and a wolf.

Vanquished Creatures
  Grinder (D:4)
  A water moccasin (D:4)
  2 scorpions
  An orc priest (D:3)
  A bullfrog skeleton (D:5)
  Natasha (thrice) (D:2)
  An iguana (D:4)
  3 gnolls (D:3)
  6 adders
  An ufetubus (D:4)
  An adder skeleton (D:4)
  A worm (D:4)
  A dart slug (D:1)
  9 orcs
  2 bats
  7 endoplasms
  3 giant cockroaches
  3 goblins
  3 hobgoblins
  4 quokkas
  7 ball pythons
  3 frilled lizards
  8 kobolds
  2 rats
74 creatures vanquished.

Notes
Turn   | Place    | Note
-------+----------+-------------------------------------------
     0 | D:1      | oldriver the Gargoyle Fighter began the quest for the Orb.
     0 | D:1      | Reached XP level 1. HP: 14/14 MP: 1/1
   186 | D:1      | Reached XP level 2. HP: 7/19 MP: 2/2
   741 | D:2      | Found a faded altar of an unknown god.
   759 | D:2      | Reached XP level 3. HP: 23/24 MP: 3/3
   962 | D:2      | Noticed Natasha
   968 | D:2      | Killed Natasha
  1036 | D:2      | Noticed Natasha
  1045 | D:2      | Killed Natasha
  1046 | D:2      | Reached skill level 3 in Maces & Flails
  1046 | D:2      | Reached XP level 4. HP: 9/29 MP: 4/4
  1051 | D:2      | Noticed Natasha
  1062 | D:2      | Killed Natasha
  1788 | D:3      | Reached XP level 5. HP: 33/33 MP: 5/5
  1876 | D:4      | Noticed Grinder
  1883 | D:4      | Reached skill level 4 in Maces & Flails
  1918 | D:4      | Killed Grinder
  1919 | D:4      | Reached skill level 5 in Maces & Flails
  1919 | D:4      | Reached XP level 6. HP: 15/39 MP: 6/6
  1972 | D:4      | Reached skill level 1 in Dodging
  2239 | D:4      | Noticed a water moccasin
  2260 | D:4      | Killed a water moccasin
  2261 | D:4      | Reached skill level 6 in Maces & Flails
  2261 | D:4      | Reached XP level 7. HP: 29/44 MP: 7/7
  2756 | D:5      | Entered Level 5 of the Dungeon
  2790 | D:5      | Reached skill level 5 in Fighting
  2850 | D:6      | You fall into a shaft and drop 3 floors!
  2850 | D:9      | Noticed Grum
  2887 | D:8      | HP: 1/44 [wolf[Grum] (6)]
  2913 | D:8      | Slain by a water moccasin

Illustrated notes

Levels and vault maps discovered:
D:1:      dpeg_arrival_rooms_a, layout_basic
D:2:      layout_basic, basic_ecumenical_altar, corexii_leaking_fountain,
          small_statue_intersection, uniq_natasha
D:3:      cheibrodos_greedy_goblins, layout_loops_ring,
          kennysheep_generic_room_16
D:4:      layout_basic, uniq_grinder
D:5:      lemuel_castle_with_subvaults [lemuel_castle_interior_carwin_2],
          layout_basic, lemuel_another_geyser
D:6:      layout_basic
D:8:      layout_cave_pools, old_standard_altar, serial_shops,
          kennysheep_little_box, minmay_starry_boxes
D:9:      layout_gridville, david_lair_generic, skrybe_limestone_x,
          nicolae_blasting_shop, nicolae_benzene_ring, kennysheep_crisscross,
          chequers_serial_rivers_micro_b, hex_tiny, nicolae_fountain_basement,
          uniq_grum

Skill      XL: |  1  2  3  4  5  6  7 |
---------------+----------------------+-----
Maces & Flails | 3 5 6 |  6.7
Fighting       | 4 5 |  5.0
Armour         | 4 |  4.1
Dodging        | 1 |  1.2
Shields        | 4 |  4.1
Stealth        | |  0.5

Action                   |  1- 3 |  4- 6 |  7- 9 || total
-------------------------+-------+-------+-------++-------
Melee: Flail             |    81 |   144 |   104 ||   329
  Use: Scroll            |     3 |       |     7 ||    10
       Potion            |       |     2 |     1 ||     3
Armor: Scale mail        |    53 |    81 |    73 ||   207
Dodge: Dodged            |    29 |    66 |   106 ||   201
Block: Buckler           |    15 |    21 |    29 ||    65

Table legend: (Time is in decaauts)
 A = Elapsed time spent in this place.
 B = Non-inter-level travel time spent in this place.
 C = Inter-level travel time spent in this place.
 D = Time resting spent in this place.
 E = Time spent auto-exploring this place.
 F = Levels seen in this place.
 G = Mean time per level.
                   A        B        C        D        E       F      G
               +--------+--------+--------+--------+--------+-----+--------+
         Total |   2998 |   2929 |     69 |    166 |   1674 |   8 |  374.8 |
       Dungeon |   2998 |   2929 |     69 |    166 |   1674 |   8 |  374.8 |
               +--------+--------+--------+--------+--------+-----+--------+

Top non-repeatable levels by time:
     D:1: 945 daAuts
     D:2: 723 daAuts
     D:3: 677 daAuts
     D:4: 495 daAuts
     D:5: 82 daAuts
     D:9: 33 daAuts
     D:8: 28 daAuts
     D:6: 11 daAuts
